 Dungeon Crawl Stone Soup version 0.27.1-1-g398f81649c (webtiles) character file.

Game seed: 6699159882229603650

177 MisterFreud the Shield-Bearer (level 5, -1/47 HPs)
             Began as a Gnoll Fighter on Sept 17, 2021.
             Was a Believer of Yredelemnul.
             Killed from afar by Sigmund (9 damage)
             ... with a puff of flame
             ... on level 3 of the Dungeon.
             The game lasted 00:03:29 (2615 turns).

MisterFreud the Shield-Bearer (Gnoll Fighter)       Turns: 2615, Time: 00:03:30

Health: -1/47      AC:  9    Str: 15    XL:     5   Next: 57%
Magic:  7/7        EV: 12    Int:  8    God:    Yredelemnul [**....]
Gold:   98         SH: 10    Dex: 12    Spells: 7/7 levels left

rFire    . . .     SeeInvis .   a - +0 rapier
rCold    . . .     Faith    .   c - +0 kite shield
rNeg     + . .     Spirit   .   b - +0 scale mail
rPois    .         Reflect  .   u - +0 helmet
rElec    .         Harm     .   (no cloak)
rCorr    .         Rampage  .   (no gloves)
Will     .....                  (no boots)
Stlth    ..........             m - amulet of the acrobat
HPRegen  0.15/turn              f - ring of positive energy
MPRegen  0.10/turn              n - +4 ring of evasion

@: no status effects
A: fangs 1, strong nose, distributed training
a: Renounce Religion, Animate Remains, Recall Undead Slaves, Injury Mirror


You were on level 3 of the Dungeon.
You worshipped Yredelemnul.
Yredelemnul was pleased with you.
You visited 1 branch of the dungeon, and saw 4 of its levels.

You collected 98 gold pieces.

Inventory:

Hand Weapons
 a - a +0 rapier (weapon)
 l - a +1 vampiric hand axe
Missiles
 o - 30 poisoned darts (quivered)
 v - 4 boomerangs
Armour
 b - a +0 scale mail (worn)
 c - a +0 kite shield (worn)
 u - a +0 helmet (worn)
Jewellery
 e - a ring of see invisible
 f - a ring of positive energy (left hand)
 m - an amulet of the acrobat (around neck)
 n - a +4 ring of evasion (right hand)
Scrolls
 i - 2 scrolls of blinking {unknown}
 j - 2 scrolls of teleportation {unknown}
 p - a scroll of identify {unknown}
 q - a scroll of summoning {unknown}
 r - a scroll of amnesia {unknown}
Potions
 d - a potion of might
 g - a potion of flight {unknown}
 h - a potion of magic {unknown}
 k - 2 potions of mutation {unknown}
 s - a potion of brilliance {unknown}
 t - 2 potions of lignification {unknown}


   Skills:
 + Level 6.7 Fighting
 + Level 4.8 Short Blades
 + Level 1.5 Long Blades
 + Level 1.5 Axes
 + Level 1.5 Maces & Flails
 + Level 1.5 Polearms
 + Level 1.5 Staves
 + Level 1.5 Slings
 + Level 1.5 Bows
 + Level 1.5 Crossbows
 + Level 1.5 Throwing
 + Level 6.7 Armour
 + Level 1.5 Dodging
 + Level 1.5 Stealth
 + Level 6.7 Shields
 + Level 1.5 Unarmed Combat
 + Level 1.5 Spellcasting
 + Level 1.2 Conjurations
 + Level 1.2 Hexes
 + Level 1.2 Summonings
 + Level 1.2 Necromancy
 + Level 1.2 Translocations
 + Level 1.2 Transmutations
 + Level 1.2 Fire Magic
 + Level 1.2 Ice Magic
 + Level 1.2 Air Magic
 + Level 1.2 Earth Magic
 + Level 1.2 Poison Magic
 + Level 1.7 Invocations
 + Level 1.5 Evocations


You had 7 spell levels left.
You didn't know any spells.
Your spell library was empty.

Dungeon Overview and Level Annotations

Branches:
Dungeon (4/15)
 Temple: D:4-7

Altars:
Dithmenos
Yredelemnul

Annotations:
D:3 Sigmund


Innate Abilities, Weirdness & Mutations

You have very sharp teeth.
Your uncanny sense of smell can sniff out nearby items.
Your experience applies equally to all skills.


Message History

You hit Sigmund but do no damage. Sigmund barely misses you.
You hit Sigmund. You bite Sigmund, but do no damage.
Sigmund is lightly wounded.
Sigmund casts a spell.
Sigmund flickers and vanishes!
Deactivating autopickup; reactivate with Ctrl-A.
You puncture something! Something barely misses you.
You puncture something! Something hits you.
You miss something.
You hear some strange, mumbled words.
Something tries to affect you, but you resist.
You closely miss something. You closely miss something.
You hear some strange, mumbled words.
Something tries to affect you, but you resist.
You miss something.
You hear some strange, mumbled words.
Something tries to affect you, but you resist.
Your shield and scale mail prevent you from hitting something.
Something hits you.
You closely miss something. Something hits you!
You completely miss something. You block something's attack.
You closely miss something. You barely miss something.
Something hits you but does no damage.
You barely miss something. Something hits you.
You hit something but do no damage. You block something's attack.
You miss something. You miss something. Your bite misses something.
Something hits you.
You hit something. Something barely misses you.
You completely miss something. Something hits you.
* * * LOW HITPOINT WARNING * * *
You hit something. You hit something but do no damage. Something hits you.
* * * LOW HITPOINT WARNING * * *
You hit something.
You hear some strange, mumbled words.
A puff of flame appears from out of thin air!
The puff of flame hits you!
You die...
Your body rises from the dead as a mindless zombie.

######### .........
........ ...# .#
#.##.# ## ##...# ∆#
#.# #.##.# # #.
##.$# ...##.##. .
##.{.# ........)$#.
#.@#
#########...###.##
#.....# #######.###
##### #.......####.#
#... ..######.....#
#.#########....#####
.............###
#.##....####.#


There were no monsters in sight!

Vanquished Creatures
  A centaur zombie (D:4)
  An iguana (D:4)
  Robin (D:3)
  An adder (D:2)
  A worm (D:2)
  3 dart slugs (D:1)
  2 orcs (D:3)
  8 ball pythons
  4 bats
  6 endoplasms
  4 giant cockroaches
  8 goblins
  12 hobgoblins
  7 jackals
  3 quokkas
  6 frilled lizards
  7 kobolds
  7 rats
82 creatures vanquished.

Notes
Turn   | Place    | Note
-------+----------+-------------------------------------------
     0 | D:1      | MisterFreud the Gnoll Fighter began the quest for the Orb.
     0 | D:1      | Reached XP level 1. HP: 23/23 MP: 1/1
    82 | D:1      | Reached XP level 2. HP: 29/29 MP: 2/2
   201 | D:1      | Found a faded altar of an unknown god.
   257 | D:1      | Became a worshipper of Yredelemnul the Dark
   257 | D:1      | Reached * piety under Yredelemnul
   392 | D:1      | Reached XP level 3. HP: 22/35 MP: 3/3
   639 | D:1      | Reached skill level 1 in Invocations
   810 | D:1      | Reached ** piety under Yredelemnul
  1071 | D:1      | Reached skill level 1 in Long Blades
  1071 | D:1      | Reached skill level 1 in Axes
  1071 | D:1      | Reached skill level 1 in Maces & Flails
  1071 | D:1      | Reached skill level 1 in Polearms
  1071 | D:1      | Reached skill level 1 in Staves
  1071 | D:1      | Reached skill level 1 in Slings
  1071 | D:1      | Reached skill level 1 in Bows
  1071 | D:1      | Reached skill level 1 in Crossbows
  1071 | D:1      | Reached skill level 1 in Throwing
  1071 | D:1      | Reached skill level 1 in Dodging
  1071 | D:1      | Reached skill level 1 in Stealth
  1071 | D:1      | Reached skill level 1 in Unarmed Combat
  1071 | D:1      | Reached skill level 1 in Spellcasting
  1071 | D:1      | Reached skill level 1 in Evocations
  1395 | D:2      | Reached XP level 4. HP: 41/41 MP: 5/5
  1560 | D:2      | You fall into a shaft and drop 2 floors!
  1574 | D:4      | Reached skill level 1 in Conjurations
  1574 | D:4      | Reached skill level 1 in Hexes
  1574 | D:4      | Reached skill level 1 in Summonings
  1574 | D:4      | Reached skill level 1 in Necromancy
  1574 | D:4      | Reached skill level 1 in Translocations
  1574 | D:4      | Reached skill level 1 in Transmutations
  1574 | D:4      | Reached skill level 1 in Fire Magic
  1574 | D:4      | Reached skill level 1 in Ice Magic
  1574 | D:4      | Reached skill level 1 in Air Magic
  1574 | D:4      | Reached skill level 1 in Earth Magic
  1574 | D:4      | Reached skill level 1 in Poison Magic
  1642 | D:4      | Reached XP level 5. HP: 16/47 MP: 5/7
  1905 | D:3      | Found a shadowy altar of Dithmenos.
  2452 | D:3      | Noticed Robin
  2483 | D:3      | Killed Robin
  2588 | D:3      | Noticed Sigmund
  2615 | D:3      | Killed from afar by Sigmund

Illustrated notes

Levels and vault maps discovered:
D:1:      roderic_crossed_star, layout_basic,
          shapermc_ecumenical_altar_mp_vishouse, st_stairs_9,
          minmay_pentomino_s4
D:2:      layout_rooms
D:3:      layout_rooms, nicolae_dithmenos_shadow_blocks, minmay_ruptured,
          uniq_sigmund, uniq_robin
D:4:      layout_gridville

Skill      XL: |  1  2  3  4 |
---------------+-------------+-----
Invocations    | 1 |  1.7
Long Blades    | 1 |  1.5
Axes           | 1 |  1.5
Maces & Flails | 1 |  1.5
Polearms       | 1 |  1.5
Staves         | 1 |  1.5
Slings         | 1 |  1.5
Bows           | 1 |  1.5
Crossbows      | 1 |  1.5
Throwing       | 1 |  1.5
Dodging        | 1 |  1.5
Stealth        | 1 |  1.5
Unarmed Combat | 1 |  1.5
Spellcasting   | 1 |  1.5
Evocations     | 1 |  1.5
Conjurations   | 1 |  1.2
Hexes          | 1 |  1.2
Summonings     | 1 |  1.2
Necromancy     | 1 |  1.2
Translocations | 1 |  1.2
Transmutations | 1 |  1.2
Fire Magic     | 1 |  1.2
Ice Magic      | 1 |  1.2
Air Magic      | 1 |  1.2
Earth Magic    | 1 |  1.2
Poison Magic   | 1 |  1.2
Fighting       | |  6.7
Short Blades   | |  4.8
Armour         | |  6.7
Shields        | |  6.7

Action                   |  1- 3 |  4- 6 || total
-------------------------+-------+-------++-------
Melee: Rapier            |   114 |   162 ||   276
       Bite              |     6 |     8 ||    14
Armor: Scale mail        |    44 |    49 ||    93
Dodge: Dodged            |    26 |    78 ||   104
Block: Kite shield       |    61 |    94 ||   155
